cohdb
Replays
Latest Replays
All Replays
Popular Replays
Top Player Replays
Match Explorer
How It Works
Community
CoH3 Stats
Reddit
Sign in to upload your games and track your stats! →
Sign in with Steam
Match 43056434
Unlisted
Match 43056434
Overview
Messages
Build Orders
End
Royal Engineer Section
Construct Section Command Post
Dingo Light Scout Car
Vickers Machine Gun Team
Construct Platoon Command Post
Construct Field Infirmary
Vickers Machine Gun Team
Selects Air and Sea Battlegroup
Selects Commando Section Paradrop
Selects M1 Pack Howitzer Paradrop
M1 Pack Howitzer Paradrop
Humber Armored Car
6-pounder Anti-tank Gun Team
Construct Company Command Post
Commando Section Paradrop
Foot Guards Section
Selects Supply Surplus
Selects UNKNOWN (223837)
Matilda II Heavy Tank
6-pounder Anti-tank Gun Team
RunningWithFate
Onoyk
tstkiya
Aslansia
0
0
Comments
sign in to comment!
No comments posted yet!